 Dungeon Crawl Stone Soup version 0.16.1-30-g34a7ffa (webtiles) character file.

100 sscrono2 the Sneak (level 4, 0/30 HPs)
             Began as an Octopode Assassin on June 21, 2015.
             Succumbed to a kobold's poison
             ... on level 3 of the Dungeon.
             The game lasted 00:04:27 (1846 turns).

sscrono2 the Sneak (Octopode Assassin)              Turns: 1846, Time: 00:04:27

Health: 0/30       AC:  1    Str: 10    XL:     4   Next: 73%
Magic:  5/5        EV: 12    Int: 13    God:
Gold:   52         SH:  0    Dex: 16    Spells: 0 memorised, 5 levels left

rFire  . . .     SeeInvis .     a - +2 dagger
rCold  . . .     Clarity  .     (no shield)
rNeg   . . .     SustAb   .     (helmet restricted)
rPois  .         Gourm    .     (no amulet)
rElec  .         Spirit   .     d - +2 ring of dexterity
rCorr  .         Warding  .     (no ring)
rMut   .         Stasis   .     (no ring)
MR     .....                    (no ring)
Stlth  +++++.....               (no ring)
                                (no ring)
                                (no ring)
                                (no ring)

@: lethally poisoned (0 -> -2), very slightly contaminated, invisible, not
resistant to hostile enchantments, quite stealthy
A: almost no armour, amphibious, 8 rings, constrict 8, camouflage 1, gelatinous
body 1
a: no special abilities


You were on level 3 of the Dungeon.
You were full.

You visited 1 branch of the dungeon, and saw 3 of its levels.

You collected 52 gold pieces.

Inventory:

Hand weapons
 a - a +2 dagger (weapon)
 b - a +0 blowgun
Missiles
 e - 8 poisoned needles
 f - 2 curare-tipped needles
Jewellery
 d - a +2 ring of dexterity (left tentacle)
Scrolls
 h - a scroll of remove curse
 m - a scroll of blinking {unknown}
 n - a scroll of fog {unknown}
Potions
 j - a potion of restore abilities
Comestibles
 g - 2 bread rations
 l - 2 meat rations


   Skills:
 + Level 2.4 Fighting
 * Level 2.4 Short Blades
 + Level 2.2 Throwing
 + Level 1.4 Dodging
 + Level 7.1 Stealth
 * Level 1.0 Spellcasting


You had 5 spell levels left.
You didn't know any spells.

Dungeon Overview and Level Annotations

Branches:
Dungeon (3/15)

Altars:
Sif Muna


Innate Abilities, Weirdness & Mutations

You cannot wear most types of armour.
You are amphibious.
You can wear up to eight rings at the same time.
You can use your tentacles to constrict many enemies at once.
Your skin changes colour to match your surroundings (Stealth).
Your rubbery body absorbs attacks (AC +1).


Message History

You feel sick.
* * * LOW HITPOINT WARNING * * *
You feel sick.
* * * LOW HITPOINT WARNING * * *
You feel sick.
* * * LOW HITPOINT WARNING * * *
You feel sick.
* * * LOW HITPOINT WARNING * * *
You feel sick.
* * * LOW HITPOINT WARNING * * *
You feel sick.
* * * LOW HITPOINT WARNING * * *
You feel sick.
* * * LOW HITPOINT WARNING * * *
You feel sick.
* * * LOW HITPOINT WARNING * * *
You feel sick.
* * * LOW HITPOINT WARNING * * *
You feel sick.
You die...

###........# #####
#..........#
.........#........#
....######....###
#.!..# #.#########
#....# #.# #...# #...)#
##.# #...#
....#....###..#####<..#
..$.....)(@...........#
####%....##(.###......#
##.....#.###..##...#
#...#....#...###...#
#.>#........## #...#
#.##......## #...# .
#....... ##### .##....
#....


There were no monsters in sight!

Vanquished Creatures
  Jessica (D:2)
  4 adders (D:2)
  A worm (D:2)
  A giant gecko (D:2)
  An ooze (D:2)
  5 bats
  5 goblins
  3 hobgoblins
  2 jackals (D:2)
  2 quokkas (D:2)
  4 giant cockroaches
  9 kobolds
  4 rats
  A plant (D:2)
43 creatures vanquished.

Notes
Turn   | Place    | Note
--------------------------------------------------------------
     0 | D:1      | sscrono2, the Octopode Assassin, began the quest for the Orb.
     0 | D:1      | Reached XP level 1. HP: 14/14 MP: 1/1
   407 | D:1      | Reached XP level 2. HP: 13/19 MP: 2/2
   588 | D:1      | Reached skill level 6 in Stealth
   929 | D:2      | Reached XP level 3. HP: 24/24 MP: 3/3
  1212 | D:2      | Reached XP level 4. HP: 22/29 MP: 4/4
  1249 | D:2      | Noticed Jessica
  1254 | D:2      | Killed Jessica
  1372 | D:2      | Reached skill level 7 in Stealth
  1445 | D:2      | Found a deep blue altar of Sif Muna.
  1809 | D:3      | Reached skill level 1 in Spellcasting
  1838 | D:3      | HP: 1/30 [poisoned by a kobold]
  1846 | D:3      | Succumbed to a kobold's poison

Action                   |  1- 3 |  4- 6 || total
-------------------------+-------+-------++-------
Melee: Dagger            |    54 |    35 ||    89
  Use: Scroll            |     4 |       ||     4
       Potion            |       |     2 ||     2
 Stab: Sleeping          |    13 |     2 ||    15
  Eat: Bread ration      |       |     2 ||     2
